 Dungeon Crawl Stone Soup version 0.29-a0-830-gcb1280458a (webtiles) character file.

Game seed: 11350907771943060025

249 mrfunky6 the Ruffian (level 5, -1/53 HPs)
             Began as a Troll Berserker on July 12, 2022.
             Was a Believer of Trog.
             Succumbed to a scorpion's poison
             ... on level 4 of the Dungeon.
             The game lasted 00:59:57 (3223 turns).

mrfunky6 the Ruffian (Troll Berserker)              Turns: 3223, Time: 00:59:57

Health: -1/53      AC:  6    Str: 27      XL:     5   Next: 87%
Magic:  4/4        EV: 10    Int:  0 (3)  God:    Trog [**....]
Gold:   197        SH:  0    Dex:  7 (9)  Spells: 4/4 levels left

rFire   . . .      SeeInvis .     - Unarmed
rCold   . . .      Faith    .   (no shield)
rNeg    . . .      Spirit   .   a - +0 animal skin
rPois   .          Reflect  .   (helmet restricted)
rElec   .          Harm     .   v - +1 cloak
rCorr   .          Rampage  .   (gloves unavailable)
Will    .....                   (boots unavailable)
Stlth   ++........              (no amulet)
HPRegen 0.97/turn               R - ring of flight
MPRegen 0.09/turn               (no ring)

@: lethally poisoned (-1 -> -4), flying, slowed, lost intelligence, unable to
read, very slow
A: large, unfitting armour, claws 3, regeneration 1, shaggy fur 1, tough skin 1,
camouflage 1, evolution 1
a: Renounce Religion, Berserk, Trog's Hand


You were on level 4 of the Dungeon.
You worshipped Trog.
Trog was pleased with you.
You visited 1 branch of the dungeon, and saw 4 of its levels.

You collected 197 gold pieces.

Inventory:

Hand Weapons
 u - a +4 quarterstaff of chaos
Missiles
 m - 46 stones
 K - 14 poisoned darts
 L - 4 javelins
 W - 2 boomerangs (quivered)
Armour
 a - a +0 animal skin (worn)
 v - a +1 cloak (worn)
Jewellery
 R - a ring of flight (left claw)
Scrolls
 b - a scroll of noise {unknown}
 f - 3 scrolls of identify {unknown}
 g - a scroll of blinking {unknown}
 h - a scroll of amnesia {unknown}
 j - 2 scrolls of fear {unknown}
 p - a scroll of enchant weapon {unknown}
 M - a scroll of fog {unknown}
 T - a scroll of teleportation {unknown}
Potions
 e - 2 potions of flight


   Skills:
 * Level 3.1 Fighting
 + Level 0.2 Throwing
 + Level 3.5 Dodging
 - Level 0.4 Stealth
 * Level 5.1 Unarmed Combat


You had 4 spell levels left.
You didn't know any spells.
Your spell library contained the following spells:

 Spells                   Type           Power      Damage    Failure   Level
 Dazzling Flash           Conj/Hex       0%         N/A       92%         3
 Agony                    Necr           0%         N/A       100%        5
 Silence                  Hex/Air        0%         N/A       100%        5


Dungeon Overview and Level Annotations

Branches:
Dungeon (4/15)
 Temple: D:4-7

Altars:
Ru


Innate Abilities, Weirdness & Mutations

You are too large for most types of armour.
You have claws for hands.
Your natural rate of healing is unusually fast.
You are covered in fur. (AC +1)
You have tough skin. (AC +1)
Your skin changes colour to match your surroundings (Stealth+).
You have hidden genetic potential.


Message History

You mangle the kobold!!
You kill the kobold!
Trog accepts your kill.
You feel sick.
You are no longer poisoned.
The kobold completely misses you. The scorpion barely misses you.
The kobold closely misses you.
The scorpion stings you but does no damage.
You feel your strength returning.
You closely miss the kobold. The scorpion stings you.
You are poisoned.
The scorpion poisons you! The kobold closely misses you.
You claw the kobold!
You kill the kobold!
Trog accepts your kill.
You feel very sick. The scorpion stings you.
* * * LOW HITPOINT WARNING * * *
The scorpion closely misses you.
You feel very sick. The scorpion closely misses you. The scorpion stings you.
* * * LOW HITPOINT WARNING * * *
You are more poisoned.
The scorpion poisons you!
You see here a +0 short sword.
You barely miss the scorpion.
The scorpion is lightly wounded.
* * * LOW HITPOINT WARNING * * *
You feel very sick.
The scorpion stings you but does no damage.
You claw the scorpion!
The scorpion is heavily wounded.
* * * LOW HITPOINT WARNING * * *
You feel very sick. The scorpion stings you.
* * * LOW HITPOINT WARNING * * *
The scorpion closely misses you.
You claw the scorpion!
The scorpion is almost dead.
You die...

########## ....)....#
#.......## ..
####........# ....
.!...>......#
....######.........######
.......)...........#.....
.......s@...†[.......####
.....................#<.#
.....................##.#
#..?......##.......#....#
...$......#........######
.....................
................######
##..............#
..........<.####


You could see a scorpion.

Vanquished Creatures
  Crazy Yiuf (D:2)
  A hound (D:4)
  Jessica (D:3)
  An orc wizard (D:3)
  6 adders
  A worm (D:2)
  3 dart slugs (D:1)
  5 orcs (D:3)
  5 ball pythons
  8 endoplasms
  4 giant cockroaches
  6 goblins
  8 hobgoblins
  5 jackals (D:3)
  A quokka (D:1)
  5 bats
  A frilled lizard (D:3)
  7 kobolds
  4 rats
73 creatures vanquished.

Vanquished Creatures (others)
  A fungus (D:3)
  25 plants (D:3)
26 creatures vanquished.

Grand Total: 99 creatures vanquished

Notes
Turn   | Place    | Note
-------+----------+-------------------------------------------
     0 | D:1      | mrfunky6 the Troll Berserker began the quest for the Orb.
     0 | D:1      | Reached XP level 1. HP: 22/22 MP: 0/0
    67 | D:1      | Reached XP level 2. HP: 27/29 MP: 1/1
   895 | D:2      | Reached XP level 3. HP: 36/36 MP: 2/2
  1010 | D:2      | Found a runed translucent door.
  1011 | D:2      | Noticed Crazy Yiuf
  1019 | D:2      | Killed Crazy Yiuf
  1117 | D:2      | Reached XP level 4. HP: 44/44 MP: 3/3
  1373 | D:2      | Reached ** piety under Trog
  1374 | D:2      | Reached skill level 4 in Unarmed Combat
  2229 | D:3      | Reached XP level 5. HP: 45/53 MP: 4/4
  2671 | D:3      | Found a faded altar of an unknown god.
  2694 | D:3      | Noticed Jessica
  2703 | D:3      | Killed Jessica
  2835 | D:3      | Found a sacrificial altar of Ru.
  3162 | D:4      | Lost intelligence.
  3167 | D:4      | Gained mutation: You have hidden genetic potential. [potion
                  | of mutation]
  3167 | D:4      | Gained mutation: Your skin changes colour to match your
                  | surroundings (Stealth+). [potion of mutation]
  3211 | D:4      | Reached skill level 5 in Unarmed Combat
  3222 | D:4      | HP: 1/53 [scorpion (4)]
  3223 | D:4      | Succumbed to a scorpion's poison

Illustrated notes

Levels and vault maps discovered:
D:1:      onia_arrival_pentagram, layout_basic
D:2:      minmay_diamond_boxcup, layout_loops_ring, uniq_crazy_yiuf_cottage
D:3:      layout_loops_cross, nicolae_ru_the_path_less_chosen,
          hellmonk_ecumenical_altar_zigzags, minmay_misc_feat_nine_boxes,
          guppyfry_early_lair_pool, uniq_jessica
D:4:      layout_basic, minmay_liquid_box, chequers_decorated_corner,
          uniq_duvessa, uniq_edmund

Skill      XL: |  1  2  3  4  5 |
---------------+----------------+-----
Dodging        | 3 |  3.5
Fighting       | 3 |  3.1
Unarmed Combat | 4 5 |  5.1
Throwing       | |  0.2
Stealth        | |  0.4

Action                   |  1- 3 |  4- 6 || total
-------------------------+-------+-------++-------
Melee: Unarmed           |    47 |   170 ||   217
       Punch             |     3 |     6 ||     9
Throw: Boomerang         |       |    20 ||    20
  Use: Potion            |     1 |     4 ||     5
Armor: Animal skin       |    18 |    63 ||    81
Dodge: Dodged            |    30 |    87 ||   117

Table legend: (Time is in decaauts)
 A = Elapsed time spent in this place.
 B = Non-inter-level travel time spent in this place.
 C = Inter-level travel time spent in this place.
 D = Time resting spent in this place.
 E = Time spent auto-exploring this place.
 F = Levels seen in this place.
 G = Mean time per level.
                   A        B        C        D        E       F      G
               +--------+--------+--------+--------+--------+-----+--------+
         Total |   3243 |   3221 |     22 |      0 |     18 |   4 |  810.8 |
       Dungeon |   3243 |   3221 |     22 |      0 |     18 |   4 |  810.8 |
               +--------+--------+--------+--------+--------+-----+--------+

Top non-repeatable levels by time:
     D:2: 1167 daAuts
     D:3: 1165 daAuts
     D:1: 758 daAuts
     D:4: 151 daAuts
